Cogmind - Beta 10.1 @@@ ROGUE MODE // 2020.10.29 @ 19:01:26 Player: Thinzy Result: Destroyed by S-10 Pest with Light Assault Rifle Performance ------------- Evolutions (1) 500 Regions Visited (2) 400 Robots Destroyed (27) 135 Value Destroyed (766) 766 Prototype IDs (0) 0 Alien Tech Used (0) 0 Bonus (43) 43 TOTAL SCORE: 1844 Bonus ------- High Alert Combat Kills 43 Cogmind --------- Core Integrity 0/400 Matter 154/300 Energy 100/100 System Corruption 0% Temperature Cool (0) Movement Core (100) Ox1 Location -9/Materials Parts ------- > --- POWER (2) -------- (None) > --- PROPULSION (2) --- (None) > --- UTILITY (3) ------ Small Storage Unit Improved Targeting Computer > --- WEAPON (2) ------- (None) > --- INVENTORY (6) ---- Structural Scanner Peak State ------------ > --- POWER ------------ Light Ion Engine > --- PROPULSION ------- Wheel Wheel > --- UTILITY ---------- Heat Sink Small Storage Unit > --- WEAPON ----------- EM Pulse Gun Grenade Launcher > --- INVENTORY -------- (None) [Rating: 7] Favorites ----------- Power Ion Engine Engine Ion Engine Propulsion Wheel Leg Aluminum Leg Wheel Wheel Utility Heat Sink Device Heat Sink Storage Small Storage Unit Processor Improved Targeting Computer Weapon Grenade Launcher Energy Gun EM Pulse Gun Ballistic Gun Assault Rifle Launcher Grenade Launcher Slashing Weapon Mining Claw Special Melee Weapon Datajack Build | -11 -10 -9 ------- Run | Scr Mat Mat Slots Evolved 2 | . . 2 Power 1 | . . 1 Propulsion . | . . . Utility 1 | . . 1 Weapon . | . . . Parts Attached 29 | 5 19 5 Power 5 | 1 4 . Engine 5 | 1 4 . Core . | . . . Reactor . | . . . Propulsion 3 | 2 1 . Treads . | . . . Leg 1 | . 1 . Wheel 2 | 2 . . Hover . | . . . Flight . | . . . Utility 8 | 1 4 3 Device 4 | 1 2 1 Storage 3 | . 2 1 Processor 1 | . . 1 Hackware . | . . . Protection . | . . . Artifact . | . . . Weapon 13 | 1 10 2 Energy Gun 2 | 1 1 . Energy Cannon . | . . . Ballistic Gun 1 | . 1 . Ballistic Cannon . | . . . Launcher 5 | . 5 . Special Weapon . | . . . Impact Weapon . | . . . Slashing Weapon 1 | . 1 . Piercing Weapon . | . . . Special Melee Weapon 4 | . 2 2 Unidentified Prototypes . | . . . Parts Lost 8 | . 3 5 Power 1 | . . 1 Propulsion 2 | . 1 1 Utility 1 | . . 1 Weapon 4 | . 2 2 Highest Loss Streak 3 | . 1 3 Average Slot Usage (%) 76 | . 82 47 Engine 13 | . 14 9 Wheel 18 | . 20 3 Device 13 | . 14 13 Storage 10 | . 10 11 Energy Gun 3 | . 3 . Ballistic Gun 7 | . 8 . Launcher 7 | . 8 3 Naked Turns . | . . . Heaviest Build 38 | 6 38 14 Greatest Support 20 | 20 20 10 Greatest Overweight (x) 3 | . 1 3 Average Overweight (x) . | . . 1 Largest Inventory Capacity 12 | 4 12 6 Average Capacity 5 | 4 5 5 Most Carried 3 | 1 3 3 Average Carried . | . . 1 Final Capacity 6 | 4 6 6 Final Carried 2 | . 2 1 Class Distribution -------------------- 100% | Mutant Dominant Class ---------------- Mutant | -10/Materials Mutant | -9/Materials Resources | -11 -10 -9 ----------- Run | Scr Mat Mat Matter Collected 695 | 250 370 75 Remotely . | . . . Salvage Created 527 | 47 449 31 Parts 31 | 4 27 . Haulers Intercepted 1 | . 1 . Recyclers Shooed . | . . . Parts Field Recycled . | . . . Retrieved Matter . | . . . Parts Self-Destructed . | . . . Prevented . | . . . Kills | -11 -10 -9 ------- Run | Scr Mat Mat Combat Hostiles Destroyed 19 | 1 17 1 Guns 7 | 1 6 . AOE 12 | . 11 1 Classes Destroyed 8 | 1 6 1 Worker 2 | . 2 . Builder 2 | . 2 . Hauler 1 | . 1 . Operator 1 | . 1 . Watcher 2 | . 2 . Swarmer 3 | . 3 . Grunt 15 | 1 14 . Sentry 1 | . . 1 Best Kill Streak 10 | 1 10 1 Combat Bots Only 5 | 1 5 1 Max Kills in Single Turn 3 | 1 3 1 Gunslinging . | . . . Exploded 2 | . 2 1 Melee . | . . . Uniques/NPCs Destroyed . | . . . Combat | -11 -10 -9 -------- Run | Scr Mat Mat Damage Taken 1203 | 45 527 631 Core 512 | 23 85 404 Absorbed by Shields . | . . . Core Remaining (%) 73 | 90 56 . Volleys Fired 84 | 10 73 1 Largest 2 | 1 2 1 Hottest 70 | 40 70 30 Shots Fired 92 | 10 81 1 Gun 67 | 10 57 . Cannon . | . . . Launcher 25 | . 24 1 Special . | . . . Kinetic 47 | . 47 . Thermal . | . . . Explosive 25 | . 24 1 Electromagnetic 20 | 10 10 . Robot Hit Streak 6 | 5 6 . Robot Miss Streak 5 | 1 5 . Penetration Max . | . . . Secondary Targets . | . . . Shots Hit Robots 54 | 6 47 1 Core Hits 56 | 2 53 1 Critical Hits . | . . . Critical Kills . | . . . Critical Parts Destroyed . | . . . Melee Attacks 10 | . 9 1 Impact . | . . . Slashing . | . . . Piercing . | . . . Sneak Attacks 3 | . 2 1 Combat Hostiles . | . . . Follow-up Attacks . | . . . Damage Inflicted 2257 | 110 1972 175 Guns 523 | 77 446 . Cannons . | . . . Explosions 1734 | 33 1526 175 Melee . | . . . Ramming . | . . . Kinetic 380 | . 380 . Thermal 208 | 33 . 175 Explosive 1428 | . 1428 . Electromagnetic 241 | 77 164 . Impact . | . . . Slashing . | . . . Piercing . | . . . Highest Corruption . | . . . Average Corruption . | . . . Corruption Purged . | . . . Overload Shots . | . . . Overflow Damage 37 | 8 18 11 Projectiles . | . . . Explosions 37 | 8 18 11 Melee . | . . . Knockbacks . | . . . Impact . | . . . Kinetic . | . . . Secondary . | . . . Self-Inflicted Damage 54 | . 39 15 Shots 3 | . 2 1 Rammed . | . . . Targets Rammed . | . . . Kicked . | . . . Crushed . | . . . Highest Temperature 24 | 24 9 . Average Temperature 12 | 14 4 . Received Heat Transfer 387 | 24 255 108 Siege Activations . | . . . Robots Corrupted . | . . . Combat Hostiles . | . . . Parts Fried . | . . . Impact Corruptions . | . . . Robots Melted . | . . . Combat Hostiles . | . . . Parts Melted 1 | . . 1 Heat Transferred 200 | 50 . 150 Parts Sabotaged . | . . . Parts Stolen . | . . . Parts Stripped . | . . . Power Chain Reactions 1 | 1 . . Missiles Intercepted . | . . . Alert | -11 -10 -9 ------- Run | Scr Mat Mat Peak Influence 504 | 20 504 212 Initial 212 | . 13 212 Average 193 | 3 246 120 Maximum Alert Level 2 | . 2 1 Low Security (%) 52 | 100 37 81 Level 1 40 | . 53 18 Level 2 6 | . 9 . Level 3 . | . . . Level 4 . | . . . Level 5 . | . . . High Security . | . . . Max Security . | . . . Squads Dispatched 5 | . 4 1 Investigation 4 | . 4 . Extermination . | . . . Reinforcement 1 | . . 1 Assault . | . . . Garrison . | . . . Intercept . | . . . Construction Impeded . | . . . Haulers Reinforced . | . . . Stealth | -11 -10 -9 --------- Run | Scr Mat Mat Distress Signals 3 | . 1 2 Communications Jammed . | . . . Distress Signals . | . . . Times Spotted 43 | 1 31 11 Peak Tracking Total 6 | 1 6 6 Tactical Retreats 1 | . . 1 Traps | -11 -10 -9 ------- Run | Scr Mat Mat Traps Triggered 3 | . 3 . Indirectly . | . . . Trap Hack Attempts . | . . . Triggered . | . . . Disarmed . | . . . Reprogrammed . | . . . Reused . | . . . Traps Extracted . | . . . Installed . | . . . Triggered . | . . . Machines | -11 -10 -9 ---------- Run | Scr Mat Mat Machines Disabled 8 | . 5 3 Max in Single Turn 3 | . 1 3 Machines Sabotaged . | . . . Garrisons Compromised . | . . . Overloaded Fab Kills . | . . . Fab Network Shutdowns . | . . . Hacking | -11 -10 -9 --------- Run | Scr Mat Mat Machines Accessed 12 | . 10 2 Terminals 9 | . 8 1 Fabricators . | . . . Repair Stations . | . . . Recycling Units 3 | . 2 1 Scanalyzers . | . . . Garrison Access . | . . . Total Hacks 41 | . 36 5 Successful 25 | . 23 2 Failed 15 | . 12 3 Catastrophic 8 | . 6 2 Database Lockouts 1 | . 1 . Manual 2 | . 2 . Terminals 33 | . 30 3 Fabricators . | . . . Repair Stations . | . . . Recycling Units 8 | . 6 2 Scanalyzers . | . . . Garrison Access . | . . . Terminal Hacks 19 | . 18 1 Record 7 | . 7 . Terminal Index 1 | . 1 . Scanalyzer Index 1 | . 1 . Alert Level 4 | . 4 . Unreport Threat 1 | . . 1 Patrol Status 1 | . 1 . Hauler Manifests 1 | . 1 . Registered Components 1 | . 1 . Registered Prototypes 1 | . 1 . Zone Layout 1 | . 1 . Fabricator Hacks . | . . . Repair Station Hacks . | . . . Recycling Unit Hacks 6 | . 5 1 Process 1 | . 1 . Report Inventory 1 | . 1 . Retrieve Matter 2 | . 1 1 Retrieve Components 2 | . 2 . Scanalyzer . | . . . Garrison Access Hacks . | . . . Unauthorized Hacks . | . . . Terminals . | . . . Fabricators . | . . . Repair Stations . | . . . Recycling Units . | . . . Scanalyzers . | . . . Garrison Access . | . . . Data Cores Recovered . | . . . Used . | . . . Hacking Detections 12 | . 10 2 Full Trace Events 11 | . 9 2 Feedback Events . | . . . Feedback Blocked . | . . . Robot Schematics Acquired . | . . . Robots Built . | . . . Matter . | . . . Time . | . . . Total Robot Build Rating . | . . . Part Schematics Acquired . | . . . Parts Built . | . . . Matter . | . . . Time . | . . . Total Part Build Rating . | . . . Parts Repaired . | . . . Time . | . . . Parts Recycled . | . . . Recycled Matter . | . . . Retrieved Matter . | . . . Retrieved Components 4 | . 4 . Parts Scanalyzed . | . . . Part Schematics Acquired . | . . . Parts Damaged . | . . . Bothacking | -11 -10 -9 ------------ Run | Scr Mat Mat Used RIF Installer . | . . . Robots Hacked 3 | . 2 1 Non-combat 3 | . 2 1 Combat . | . . . Robot Hacks Applied 4 | . 3 1 parse_system 2 | . 2 . no_distress 2 | . 1 1 Relay Couplers Released . | . . . Robots Rewired . | . . . Allies Hacked . | . . . Hacks Repelled . | . . . Allies | -11 -10 -9 -------- Run | Scr Mat Mat Total Allies . | . . . Largest Group . | . . . Highest-Rated Group . | . . . Highest-Rated Ally . | . . . Total Orders . | . . . Ally Attacks . | . . . Total Damage . | . . . Kills . | . . . Allies Corrupted . | . . . Allies Melted . | . . . Intel | -11 -10 -9 ------- Run | Scr Mat Mat Robot Analysis Total . | . . . Derelict Logs Recovered . | . . . Drone Launches . | . . . Drone Recoveries . | . . . Exploration | -11 -10 -9 ------------- Run | Scr Mat Mat Turns Passed 989 | 152 709 128 Spaces Moved 756 | 160 519 77 Core 52 | 19 . 33 Treads . | . . . Legs . | . . . Wheels 704 | 141 519 44 Hover . | . . . Flight . | . . . Fastest Speed 50 | 50 80 90 Average Speed 88 | 76 84 133 Slowest Speed 200 | 80 90 200 Overloaded Moves . | . . . Propulsion Burnouts . | . . . Robots Hopped . | . . . Cave-ins Triggered . | . . . Exploration Rate (%) 31 | 7 79 8 Regions Visited 2 Branch Regions . Pre-discovered Areas . | . . . Known Exits Taken . | . . . Unknown Exits Taken 2 | 1 1 . Scrap Searched . | . . . Spaces Dug 4 | . . 4 Terrain Destroyed 156 | 5 111 40 Melee . | . . . Projectile . | . . . AOE 156 | 5 111 40 Terrain Rammed . | . . . Walls Destroyed . | . . . Machines Disabled . | . . . Actions | -11 -10 -9 --------- Run | Scr Mat Mat Total 986 | 179 705 102 Wait 66 | . 53 13 Move 754 | 159 518 77 Hop . | . . . Pick Up 23 | 5 16 2 Fast Attach . | . . . Attach 29 | 5 19 5 Detach 8 | . 6 2 Swap . | . . . Drop 12 | . 11 1 Fire 84 | 10 73 1 Melee 10 | . 9 1 Ram . | . . . Kick . | . . . Crush . | . . . Escape Stasis . | . . . Rewire . | . . . Trap . | . . . Miscellaneous . | . . . Route ------- -11/Scrapyard -10/Materials (discovered 4 exits: *Mat x2 / [*Min x2]) -9/Materials History --------- Turn | Location | Event 2 | -11/Scrapyard | Met Revision 17 112 | -11/Scrapyard | Discovered new exit (range 8) 153 | -11/Scrapyard | Entered Materials 178 | -10/Materials | Discovered new exit (range 15) 341 | -10/Materials | Discovered new exit (range 4) 348 | -10/Materials | Build established: Mutant 417 | -10/Materials | Discovered new exit (range 9) 772 | -10/Materials | Central database locked down 836 | -10/Materials | Discovered new exit (range 11) 862 | -10/Materials | Entered another Materials area 862 | -9/Materials | Evolved 2 slots: Power x1, Utility x1 979 | -9/Materials | Core integrity fell below 50% 987 | -9/Materials | Core integrity fell below 20% 990 | -9/Materials | Destroyed by S-10 Pest with Light Assault Rifle Last Messages --------------- Wheel destroyed. Acquired 75 matter. U-05 Engineer builds a Wall. Acquired Imp. Targeting Computer. The Imp. Targeting Computer is a processor, a type of utility that is destroyed if removed (these are marked with a colon in the parts list, as a reminder). Dropped Sml. Storage Unit. Acquired Sml. Storage Unit. U-05 Engineer builds a Wall. C-30 ARC bursts open, deploying its payload. S-10 Pest unfolds itself. Sneak attack on U-05 Engineer. Jacked U-05 Engineer... >>no_distress Distress signal routine blocked. Datajack destroyed. Ion Engine destroyed. Heat Sink destroyed. [Achievement: First Step to Greatness] Map ----- +----------------------------------------------------+ | | | | | | | | | | | | | | | | | | | | | | | | | | | | | | | | | | | | | ??????????### # ###??????????????????????????????? | | ??????????# ##########???????????????????? | | ?????????## # #???????????????????? | | ?????????# # ######??????????????? | | ????###### # s + #??????????????? | | ????# # ss######??????????????? | | ????# """ # s#???????????????????? | | ????# | Y" # @ #???????????????????? | | ????# """ # #???????????????????? | | ????# # ##??????????????????? | | ????# % # #??????????????????? | | ????#####+ #####Y#####??????????????????? | | ?????# %+ ??????????????????? | | ?????# #?????????????????????? | | ?????# T #?????????????????????? | | ?????###### #?????????????????????? | | ??????????# #?????????????????????? | | ??????????# """ """ ^ t #?????????????????????? | | ??????????# """ """ #?????????????????????? | | ??????????# """ """ ] ????????????????????? | | ??????????# ???????????????????? | | ??????????# ???????????????????? | | ??????????# ###########+###????????????????????? | | ??????????# #??????????????????????????????????? | | ??????????# #??????????????????????????????????? | | ??????????# #??????????????????????????????????? | | ??????????# #??????????????????????????????????? | | ??????????? ???????????????????????????????????? | | ?????????????????????????????????????????????????? | | ?????????????????????????????????????????????????? | | ?????????????????????????????????????????????????? | | ?????????????????????????????????????????????????? | +----------------------------------------------------+ Best States ------------- Heat Dissipation 38 Energy Generation 10 Energy Capacity 250 Matter Stores 300 Matter Capacity 300 Sight Range 16 Terrain Scan Density 10 Evasion (%) 50 Targeting Accuracy 6 Item Schematics ----------------- None Robot Schematics ------------------ None Fabricated ------------ Nothing Alien Tech Used ----------------- None Achievements -------------- Everything Is Under Control First Step to Greatness Loot Pinata Novice Programmer One Hack Too Far Shopping List Storm Trooper Uninvited Guest Challenges ------------ None Game ------ Seed TerrainAssemblyHumpback Manual? 0 Play Time 01:03:33 Cumulative 2.0 hours Start 2020.10.29 @ 17:55:44 End 2020.10.29 @ 19:01:26 Sessions 1 Manual Loads 0 Difficulty Rogue Special Mode None Game No. 1 Rogue 1 Adventurer 0 Explorer 0 Win Type - Total 0 Types 0/0/0/0/0/0/0/0/0 Lore% 0 Gallery% 2 Achievement% 3 Wizard Run 0 Options --------- ASCII 1 Keyboard 0 Movement Mouse Keybinds 0 Fullscreen 1 Font 18/Terminus Map View 76x50 Tactical HUD 0 Map Filters NONE Filters NONE Steam 1 RUN: 8ea473e1-f2f4-4c26-a205-f9f3574715ee